 Dungeon Crawl Stone Soup version 0.28-a0-1629-gf728b707aa (webtiles) character file.

Game seed: 1820225617790489690

7688 Anon1729 the Spear-Bearer (level 11, -1/85 HPs)
             Began as a Merfolk Monk on Jan 24, 2022.
             Was a High Priest of Fedhas.
             Slain by a phantasmal warrior (27 damage)
             ... led by a death knight
             ... on level 10 of the Dungeon.
             The game lasted 00:24:19 (12685 turns).

Anon1729 the Spear-Bearer (Merfolk Monk)           Turns: 12685, Time: 00:24:20

Health: -1/85      AC: 16    Str: 13    XL:     11   Next: 19%
Magic:  23/26      EV: 37    Int: 16    God:    Fedhas [*****.]
Gold:   278        SH:  6    Dex: 25    Spells: 10/10 levels left

rFire   . . .      SeeInvis .   T - +3 demon trident (chaos)
rCold   + . .      Faith    .   J - +0 buckler {AC+3}
rNeg    + . .      Spirit   .   U - +3 troll leather armour {Snorg}
rPois   .          Reflect  .   Q - +1 helmet
rElec   +          Harm     .   H - +2 cloak of the Cooper {rElec}
rCorr   .          Rampage  .   (no gloves)
Will    .....                   O - +0 pair of boots
Stlth   ++++......              S - amulet of the acrobat
HPRegen 1.04/turn               G - ring of Divine Intervention {rC+ rN+ MP+9 Int+6}
MPRegen 0.20/turn               K - +6 ring of dexterity

@: weak-willed, acrobatic, studying 2 skills
A: (nimble swimmer 2), mertail
a: Renounce Religion, Wall of Briars, Grow Ballistomycete, Overgrow, Grow Oklob


You were on level 10 of the Dungeon.
You worshipped Fedhas.
Fedhas was extremely pleased with you.
You visited 1 branch of the dungeon, and saw 10 of its levels.
You also visited: Ossuary.

You collected 556 gold pieces.
You spent 278 gold pieces at shops.

Inventory:

Hand Weapons
 a - a +0 spear
 d - a +2 mace of protection
 f - a +0 triple crossbow
 j - the +6 trident of Noon {pain, rElec}
   (You found it on level 2 of the Dungeon)

   In the hands of one skilled in necromantic magic, it inflicts extra damage on
   living creatures.
   rElec:     It insulates you from electricity.
 o - the +3 dagger of Analysis {antimagic, *Noise rF+ rC+ rN+}
   (You found it on level 2 of the Dungeon)

   It reduces the magical energy of the wielder, and disrupts the spells and
   magical abilities of those it strikes.
   Natural abilities and divine invocations are not affected.
   rF:        It protects you from fire.
   rC:        It protects you from cold.
   rN:        It protects you from negative energy.
   *Noise:    It may make noises in combat.
 T - a +3 demon trident of chaos (weapon)
Armour
 b - a +0 robe
 p - a +0 helmet
 H - the +2 cloak of the Cooper (worn) {rElec}
   (You acquired it on level 5 of the Dungeon)

   rElec:     It insulates you from electricity.
 J - a +0 buckler of protection (worn)
 O - a +0 pair of boots (worn)
 Q - a +1 helmet (worn)
 R - +0 steam dragon scales
 U - a +3 troll leather armour (worn) {Snorg}
Jewellery
 q - a ring of positive energy
 D - a ring of resist corrosion
 G - the ring of Divine Intervention (left hand) {rC+ rN+ MP+9 Int+6}
   (You acquired it on level 5 of the Dungeon)

   [ring of intelligence]

   Int:       It affects your intelligence (+6).
   rC:        It protects you from cold.
   rN:        It protects you from negative energy.
   MP:        It affects your magic capacity (+9).
 K - a +6 ring of dexterity (right hand)
 M - a ring of see invisible
 P - a ring of protection from cold
 S - an amulet of the acrobat (around neck)
Wands
 E - a wand of iceblast (18)
 N - a wand of acid (1)
Scrolls
 c - a scroll of summoning
 g - 3 scrolls of fear
 i - 2 scrolls of silence
 k - 2 scrolls of identify
 n - 9 scrolls of teleportation
 r - a scroll of fog {unknown}
 t - 2 scrolls of blinking
 w - 3 scrolls of amnesia {unknown}
 y - 2 scrolls of brand weapon
 z - 2 scrolls of vulnerability {unknown}
 L - 2 scrolls of magic mapping
 V - a scroll of immolation {unknown}
Potions
 e - 2 potions of might {unknown}
 h - 3 potions of flight {unknown}
 l - a potion of degeneration {unknown}
 m - 3 potions of resistance {unknown}
 s - 2 potions of magic {unknown}
 u - 5 potions of mutation
 v - 3 potions of berserk rage {unknown}
 x - 2 potions of ambrosia {unknown}
 A - a potion of attraction {unknown}
 B - 4 potions of heal wounds
 C - a potion of haste {unknown}
 F - a potion of lignification {unknown}
 I - 5 potions of curing


   Skills:
 + Level 7.6 Fighting
 * Level 12.8 Polearms
 * Level 12.5 Dodging
 + Level 7.8 Stealth
 + Level 3.7 Shields
 * Level 8.9 Invocations


You had 10 spell levels left.
You didn't know any spells.
Your spell library contained the following spells:

 Spells                   Type           Power      Damage    Failure   Level
 Slow                     Hex            0%         N/A       38%         1
 Ensorcelled Hibernation  Hex/Ice        0%         N/A       54%         2
 Passwall                 Tmut/Erth      0%         N/A       54%         2
 Confusing Touch          Hex            0%         N/A       77%         3
 Ozocubu's Armour         Ice            0%         N/A       77%         3
 Swiftness                Air            0%         N/A       77%         3
 Vampiric Draining        Necr           0%         2d6       77%         3
 Metabolic Englaciation   Hex/Ice        0%         N/A       100%        5
 Simulacrum               Ice/Necr       0%         N/A       100%        6


Dungeon Overview and Level Annotations

Branches:
Dungeon (10/15)            Temple (0/1) D:7         Ossuary (visited)
   Lair: D:8-11         Orc: D:9-12

Altars:
Cheibriados
Fedhas
Gozag
Trog
Xom

Shops:
D:4 !*?(*


Innate Abilities, Weirdness & Mutations

((You are very nimble when in or above water. (Stealth+, EV+, Speed+++)))
Your lower body shifts to a powerful aquatic tail in water.


Message History

You block the centaur warrior zombie's attack.
You puncture the centaur warrior zombie!
The centaur warrior zombie is almost destroyed.
The centaur warrior zombie barely misses you.
The centaur warrior zombie kicks you but does no damage.
You hit the centaur warrior zombie.
The centaur warrior zombie is almost destroyed.
You block the centaur warrior zombie's attack.
The centaur warrior zombie kicks you but does no damage.
You puncture the centaur warrior zombie!
Lightning courses through the centaur warrior zombie!
You destroy the centaur warrior zombie!
Fedhas accepts your kill.
You closely miss the phantasmal warrior.
The phantasmal warrior hits you!!
You puncture the phantasmal warrior! You freeze the phantasmal warrior.
The phantasmal warrior is moderately damaged.
You completely miss the phantasmal warrior.
The phantasmal warrior is moderately damaged.
The phantasmal warrior closely misses you.
You barely miss the phantasmal warrior.
The phantasmal warrior is moderately damaged.
The phantasmal warrior closely misses you.
You hit the phantasmal warrior. You burn the phantasmal warrior.
The phantasmal warrior is heavily damaged.
You barely miss the phantasmal warrior.
The phantasmal warrior is heavily damaged.
The phantasmal warrior completely misses you.
You puncture the phantasmal warrior!
The phantasmal warrior seems to speed up.
The phantasmal warrior is heavily damaged.
The phantasmal warrior hits you!!
A briar patch grows up from the ground. x7; The phantasmal warrior hits you!!
* * * LOW HITPOINT WARNING * * *
Your willpower is stripped away!
You walk carefully through the plants.
The phantasmal warrior completely misses you.
The phantasmal warrior hits you!!
You die...
Fedhas appreciates your contribution to the ecosystem.

###############
..............###########
..............##..$......
.<............##.........
..............##.........
....[.([......##PPP......
..>...........#.@W.......
................PPP......
...............#.........
...............#.........
..............####+######
###########รท### #.# #.#
#.#


You could see a phantasmal warrior (fast, ally target).

Vanquished Creatures
  Snorg (D:10)
  A two-headed ogre (D:9)
  Joseph (D:10)
  A troll (D:9)
  A hornet (D:9)
  Prince Ribbit (D:7)
  Sigmund (D:5)
  A shadow (D:10)
  A wraith (D:7)
  3 yaks (D:10)
  A basilisk (D:7)
  A steam dragon (D:8)
  Menkaure (D:7)
  3 water moccasins
  2 ice beasts
  An orc warrior (D:6)
  A black bear (D:8)
  2 necrophages
  4 ogres
  2 centaurs
  A kobold brigand (D:9)
  2 bullfrogs
  13 scorpions
  A water moccasin skeleton (D:2)
  3 killer bees (D:9)
  A howler monkey (D:7)
  3 wights (D:6)
  An electric eel (D:6)
  7 centaur zombies
  2 orc priests
  A gnoll shaman (D:5)
  3 human zombies (Ossuary)
  A hound (D:6)
  A bullfrog skeleton (D:5)
  7 scorpion zombies (Ossuary)
  Ijyb (D:5)
  2 iguanas (D:5)
  6 orc wizards
  A hound zombie (D:5)
  A hound skeleton (D:4)
  3 mummies (Ossuary)
  Robin (D:3)
  4 gnolls (D:5)
  3 adders
  A shadow imp (D:5)
  A white imp (D:5)
  2 ufetubi
  2 worms (D:2)
  2 dart slugs
  24 orcs
  6 bats
  3 endoplasms
  5 giant cockroaches
  17 goblins
  9 hobgoblins
  13 jackals
  13 kobolds
  3 quokkas
  5 ball pythons
  A frilled lizard (D:1)
  2 goblin zombies (Ossuary)
  A hobgoblin zombie (Ossuary)
  2 kobold zombies (Ossuary)
  2 orc zombies (Ossuary)
  2 rats
215 creatures vanquished.

Vanquished Creatures (collateral kills)
  2 killer bees (D:9)
2 creatures vanquished.

Grand Total: 217 creatures vanquished

Notes
Turn   | Place    | Note
-------+----------+-------------------------------------------
     0 | D:1      | Anon1729 the Merfolk Monk began the quest for the Orb.
     0 | D:1      | Reached XP level 1. HP: 18/18 MP: 1/1
    52 | D:1      | Reached XP level 2. HP: 18/24 MP: 2/2
   538 | D:1      | Reached XP level 3. HP: 29/29 MP: 3/3
  1145 | D:2      | Found a faded altar of an unknown god.
  1298 | D:2      | Prayed at the altar of an unknown god.
  1298 | D:2      | Became a worshipper of Fedhas Madash
  1298 | D:2      | Reached * piety under Fedhas
  1298 | D:2      | Reached ** piety under Fedhas
  1302 | D:2      | Reached skill level 5 in Polearms
  1608 | D:2      | Reached XP level 4. HP: 23/37 MP: 4/4
  1859 | D:2      | Reached *** piety under Fedhas
  1957 | D:2      | Identified the +6 trident of Noon {pain, rElec}
  2004 | D:2      | Reached skill level 5 in Dodging
  2077 | D:2      | Reached XP level 5. HP: 42/42 MP: 5/5
  2201 | D:2      | Identified the +3 dagger of Analysis {antimagic, *Noise rF+
                  | rC+ rN+}
  2350 | D:3      | Noticed Robin
  2820 | D:3      | Killed Robin
  2963 | D:3      | Noticed an ogre
  2971 | D:3      | Killed an ogre
  2972 | D:3      | Reached skill level 1 in Invocations
  2972 | D:3      | Reached XP level 6. HP: 49/49 MP: 6/6
  3249 | D:3      | Reached **** piety under Fedhas
  3663 | D:4      | Found Cupubeh's General Store.
  3663 | D:4      | Found Ycroiseng's Weapon Boutique.
  3670 | D:4      | Found Lein's Distillery.
  3683 | D:4      | Found Qaumoyn's Magic Scroll Boutique.
  3686 | D:4      | Bought a scroll of teleportation for 42 gold pieces
  3694 | D:4      | Bought a scroll of blinking for 82 gold pieces
  3694 | D:4      | Bought a scroll of identify for 22 gold pieces
  3716 | D:4      | Found a sand-covered staircase.
  3724 | Ossuary  | Entered an ossuary
  3769 | Ossuary  | Reached XP level 7. HP: 29/55 MP: 8/8
  4337 | Ossuary  | Reached skill level 5 in Fighting
  4636 | Ossuary  | Reached XP level 8. HP: 48/62 MP: 10/10
  4731 | Ossuary  | Reached skill level 5 in Stealth
  5216 | D:4      | Found an opulent altar of Gozag.
  5219 | D:4      | You fall into a shaft and drop 2 floors!
  5225 | D:5      | Entered Level 5 of the Dungeon
  5839 | D:5      | Reached ***** piety under Fedhas
  5893 | D:5      | Reached skill level 5 in Invocations
  5959 | D:5      | Noticed Ijyb
  5976 | D:5      | Killed Ijyb
  6165 | D:5      | Noticed Sigmund
  6187 | D:5      | Killed Sigmund
  6225 | D:5      | Reached XP level 9. HP: 32/69 MP: 13/13
  7029 | D:4      | Reached skill level 10 in Polearms
  7197 | D:4      | Found Pofaes's Overcharged Wands.
  7460 | D:4      | Bought a potion of curing for 36 gold pieces
  7460 | D:4      | Bought a potion of curing for 36 gold pieces
  7460 | D:4      | Bought a potion of heal wounds for 60 gold pieces
  7460 | D:4      | Identified 3 scrolls of acquirement
  7639 | D:5      | Acquired the +2 cloak of the Cooper {rElec}
  7646 | D:5      | Acquired a manual of Dodging
  7648 | D:5      | Acquired the ring of Divine Intervention {rC+ rN+ MP+9
                  | Int+6}
  7864 | D:6      | Reached skill level 1 in Shields
  8280 | D:5      | HP: 3/71 [poisoned by an orc warrior]
  9006 | D:7      | Noticed Menkaure
  9013 | D:7      | Killed Menkaure
  9219 | D:7      | Noticed Prince Ribbit
  9234 | D:7      | Killed Prince Ribbit
  9235 | D:7      | Reached XP level 10. HP: 40/77 MP: 15/15
 10165 | D:7      | Found a staircase to the Ecumenical Temple.
 10455 | D:8      | Reached skill level 10 in Dodging
 11169 | D:9      | Noticed a two-headed ogre
 11178 | D:9      | Killed a two-headed ogre
 12160 | D:10     | Entered Level 10 of the Dungeon
 12160 | D:10     | Found a shimmering altar of Xom.
 12303 | D:10     | Noticed Snorg
 12303 | D:10     | Noticed Joseph
 12357 | D:10     | Killed Joseph
 12358 | D:10     | Reached XP level 11. HP: 76/84 MP: 17/17
 12441 | D:10     | Killed Snorg
 12489 | D:10     | Noticed a phantasmal warrior
 12577 | D:10     | Found a snail-covered altar of Cheibriados.
 12578 | D:10     | Found a bloodstained altar of Trog.
 12685 | D:10     | Slain by a phantasmal warrior

Illustrated notes

Levels and vault maps discovered:
D:1:      onia_arrival_mini_spirals, layout_basic
D:2:      layout_loops_ring, dreamdust_ecumenical_altar_statues,
          minmay_tetromino_i2
D:3:      layout_loops_ring, serial_rivers, chequers_serial_rivers_micro_a,
          chequers_serial_rivers_micro_c, chequers_serial_rivers_micro_d,
          chequers_serial_rivers_small_a, kennysheep_path_1, uniq_robin
D:4:      layout_layer_cave, nicolae_gozag_seed_capital,
          nicolae_ossuary_entry_monument, minmay_shop_grid_forest,
          nicolae_shop_overcharged_wands
D:5:      layout_cave_pods, grunt_ministairs_3, uniq_ijyb, uniq_sigmund
D:6:      layout_rooms, minmay_misc_feat_iff, nrook_pool_corridor, hex_medium
D:7:      layout_cave_pods, minmay_temple_entry_large_hall,
          minmay_manual_mullet, uniq_prince_ribbit1, uniq_menkaure
D:8:      layout_basic, abandoned_shop
D:9:      layout_stronghold
D:10:     layout_roguey, chequers_temple_overflow_statue_of_worship,
          special_room [special_room_bee], uniq_snorg, uniq_joseph

Skill      XL: |  1  2  3  4  5  6  7  8  9 10 |
---------------+-------------------------------+-----
Stealth        | 3 4 5 6 7 |  7.8
Polearms       | 5 6 7 9 11 12 | 12.8
Fighting       | 4 5 6 7 |  7.6
Dodging        | 5 6 7 9 12 | 12.5
Invocations    | 1 2 3 5 7 8 |  8.9
Shields        | 1 3 |  3.7

Action                   |  1- 3 |  4- 6 |  7- 9 | 10-12 || total
-------------------------+-------+-------+-------+-------++-------
Melee: Spear             |   158 |    28 |     4 |       ||   190
       Punch             |     3 |     2 |     6 |       ||    11
       Trident           |       |    96 |   378 |    79 ||   553
       Demon trident     |       |       |       |   130 ||   130
Invok: Wall of Briars    |       |       |       |     2 ||     2
Evoke: Wand              |       |     1 |    14 |     2 ||    17
  Use: Scroll            |       |     2 |     6 |     6 ||    14
       Potion            |       |       |     1 |       ||     1
 Stab: Sleeping          |     5 |     6 |    12 |     5 ||    28
       Distracted        |       |     2 |       |       ||     2
       Paralysed         |       |     4 |     8 |       ||    12
       Confused          |       |       |       |     3 ||     3
Armor: Robe              |    30 |    15 |    41 |    14 ||   100
       Steam dragon scal |       |       |       |    23 ||    23
       Troll leather arm |       |       |       |     4 ||     4
Dodge: Dodged            |    92 |    79 |   175 |    99 ||   445
Block: Buckler           |       |       |    14 |    33 ||    47

Table legend: (Time is in decaauts)
 A = Elapsed time spent in this place.
 B = Non-inter-level travel time spent in this place.
 C = Inter-level travel time spent in this place.
 D = Time resting spent in this place.
 E = Time spent auto-exploring this place.
 F = Levels seen in this place.
 G = Mean time per level.
                   A        B        C        D        E       F      G
               +--------+--------+--------+--------+--------+-----+--------+
         Total |  12519 |  11962 |    557 |   3333 |   6563 |  11 | 1138.1 |
       Dungeon |  11142 |  10585 |    557 |   2407 |   6479 |  10 | 1114.2 |
       Ossuary |   1377 |   1377 |      0 |    926 |     84 |   1 | 1377.0 |
               +--------+--------+--------+--------+--------+-----+--------+

Top non-repeatable levels by time:
     D:5: 2540 daAuts
     D:2: 1551 daAuts
 Ossuary: 1377 daAuts
     D:7: 1312 daAuts
     D:1: 1222 daAuts
     D:9: 1072 daAuts
     D:3: 860 daAuts
     D:6: 728 daAuts
     D:8: 706 daAuts
     D:4: 641 daAuts
    D:10: 506 daAuts
